AoeStats
← AgusKing

Arena

506497893Analyzed
3v3 RM · 19d ago on Sep 13, 2026· 67m 37s· 6 players
Game mode
Random Map
Map size
Normal (6 player)
Population
200
Speed
Normal
Resources
Standard
Victory
Conquest
Starting age
Dark Age
Ending age
Imperial Age
RankedLock teamsTeams togetherTeam positionsShared explorationLock speedFull tech treeHidden civsTurbo modeCheats
Victory
Defeat
🇲🇩 Japanese · Moldova
738
+15
🇲🇩 Bohemians · Moldova
643
+18
🇲🇩 Turks · Moldova
629
+20
🇲🇽 Persians · Mexico
709
-18
🇬🇧 Spanish · United Kingdom
704
-18
🇦🇷 Bulgarians · Argentina
689
-17
AgusKing
3:49 Loom
12:43 Feudal Age
13:57 Wheelbarrow
13:11 Horse Collar
13:19 Double-Bit Axe
22:28 Castle Age
21:39 Fletching
SirCalalot
1:33 Loom
11:06 Feudal Age
12:24 Wheelbarrow
11:39 Double-Bit Axe
12:51 Town Watch
18:33 Castle Age
18:39 Stone Mining
20:10 Stone Shaft Mining
19:38 Town Patrol
20:24 Bow Saw
23:05 Hand Cart
30:18 Horse Collar
30:48 Scale Barding Armor
33:02 Ballistics
33:40 Fortified Wall
35:32 Murder Holes
36:07 Forging
36:19 Chain Barding Armor
36:01 Caravan
45:29 Imperial Age
46:00 Iron Casting
45:39 Elite Conquistador
48:32 Chemistry
47:18 Arrowslits
49:30 Blast Furnace
49:06 Plate Barding Armor
51:41 Pikeman
52:22 Squires
52:31 Scale Mail Armor
52:33 Onager
57:47 Light Cavalry
58:37 Bloodlines
58:28 Husbandry
63:25 Two-Man Saw
63:17 Padded Archer Armor
63:08 Fletching
63:14 Heavy Cavalry Archer
ChanceWind17678
0:39 Loom
14:42 Feudal Age
16:18 Wheelbarrow
15:29 Town Watch
15:26 Horse Collar
15:34 Double-Bit Axe
15:44 Gold Mining
23:07 Castle Age
22:00 Scale Barding Armor
22:06 Forging
21:57 Scale Mail Armor
22:00 Padded Archer Armor
21:51 Fletching
22:48 Stone Mining
25:47 Bow Saw
25:42 Heavy Plow
26:20 Gold Shaft Mining
26:21 Stone Shaft Mining
26:30 Hand Cart
27:24 Town Patrol
28:56 Murder Holes
29:43 Stirrups
30:54 Chain Barding Armor
31:11 Iron Casting
30:36 Pikeman
31:17 Squires
31:51 Ballistics
33:17 Guard Tower
36:58 Arson
41:37 Imperial Age
43:03 Masonry
44:07 Conscription
43:52 Elite Konnik
47:41 Chemistry
46:33 Gambesons
51:43 Elite Konnik
54:40 Leather Archer Armor
54:21 Bodkin Arrow
55:09 Plate Barding Armor
55:19 Light Cavalry
56:13 Bloodlines
57:42 Elite Skirmisher
64:53 Chain Mail Armor
65:39 Blast Furnace
64:34 Bodkin Arrow
64:58 Chain Mail Armor
65:46 Blast Furnace
valentindumitrasko
11:24 Feudal Age
12:48 Double-Bit Axe
15:06 Horse Collar
20:18 Castle Age
22:23 Bow Saw
22:54 Squires
22:15 Pikeman
24:21 Heavy Plow
31:54 Imperial Age
31:31 Masonry
32:23 Chemistry
31:44 Ballistics
31:21 Murder Holes
32:07 Fletching
32:18 Padded Archer Armor
33:02 Wagenburg Tactics
34:06 Conscription
34:33 Hussite Reforms
33:52 Elite Hussite Wagon
37:22 Sanctity
37:03 Devotion
37:31 Illumination
36:33 Elite Skirmisher
37:38 Halberdier
39:33 Fervor
40:46 Atonement
42:10 Wheelbarrow
41:20 Loom
41:21 Town Watch
43:19 Block Printing
43:17 Redemption
43:48 Theocracy
44:10 Herbal Medicine
44:49 Bodkin Arrow
45:21 Guilds
49:07 Two-Man Saw
49:30 Houfnice
54:32 Hand Cart
57:20 Caravan
58:47 Arrowslits
59:13 Fortified Wall
59:35 Architecture
59:11 Siege Engineers
58:48 Treadmill Crane
65:23 Forging
65:33 Leather Archer Armor
appdata
10:49 Feudal Age
12:52 Double-Bit Axe
18:55 Castle Age
17:12 Horse Collar
19:48 Bow Saw
19:47 Heavy Plow
30:51 Ballistics
40:24 Gold Mining
42:12 Murder Holes
46:41 Redemption
50:23 Imperial Age
53:22 Conscription
53:07 Artillery
52:29 Elite Janissary
53:45 Hoardings
59:45 Two-Man Saw
58:37 Stone Mining
59:23 Gold Shaft Mining
61:18 Fletching
61:28 Padded Archer Armor
no gamble no future
10:56 Feudal Age
11:46 Double-Bit Axe
13:16 Horse Collar
13:43 Stone Mining
19:08 Castle Age
19:09 Gold Mining
20:55 Bow Saw
20:46 Heavy Plow
21:49 Scale Mail Armor
21:59 Forging
24:51 Chain Mail Armor
25:11 Iron Casting
29:40 Wheelbarrow
31:22 Squires
31:09 Arson
33:12 Fervor
36:45 Imperial Age
36:32 Gold Shaft Mining
36:14 Caravan
37:48 Hand Cart
39:03 Elite Samurai
40:06 Conscription
40:45 Block Printing
42:23 Redemption
42:33 Capped Ram
44:40 Iron Casting
46:44 Blast Furnace
46:15 Plate Mail Armor
53:30 Theocracy
52:57 Town Watch
54:10 Illumination
53:23 Heavy Scorpion
55:24 Treadmill Crane
55:52 Siege Engineers
63:16 Two-Man Saw
Connection lost

Rejoining the realm…

Still unreachable

The connection could not be restored.

Session expired

The server has moved on; the page needs a fresh start.